[Event "Early-Titled-Tuesday-Blitz-September-05-2023"]
[Site "Chess.com"]
[Date "2023.09.05"]
[Round "1"]
[White "hsd2016"]
[Black "NovoselovRoman"]
[Result "1-0"]
[WhiteElo "2274"]
[BlackElo "2586"]
[TimeControl "180+1"]
[EndTime "8:07:55 PDT"]
[Termination "hsd2016 won by checkmate"]

1. e4 d5 2. exd5 Qxd5 3. d4 Nf6 4. Nf3 c6 5. c4 Qd6 6. Nc3 Bg4 7. Be2 e6 8. Be3 Be7 9. Qb3 Qc7 10. h3 Bh5 11.
O-O Nbd7 12. d5 exd5 13. cxd5 Bc5 14. dxc6 bxc6 15. Bxc5 Nxc5 16. Qc4 Ne6 17. Rfe1 O-O 18. Rac1 Rac8 19. Nd4 Nxd4 20. Qxd4 Bxe2 21. Rxe2 Qb6 22.
Qxb6 axb6 23. a3 Rfd8 24. Ne4 Nd5 25. b4 Re8 26. Nd6 Rxe2 27. Nxc8 Re6 28. b5 c5 29. Rd1 Nc7 30. Rd8+ Ne8 31. Nxb6 Kf8 32. Nd5 c4 33. b6 c3 34. b7 c2 35. Rc8 Re1+ 36. Kh2 Rb1 37. Nc7 f5 38. Nxe8 Ke7 39. Rxc2 Rxb7 40. Nxg7 Kf6 41. Nh5+ Kg5 42. Ng3 Rb3 43. Rc5 Rxa3 44. Rxf5+ Kg6 45. Rc5 Ra2 46.
f3 h5 47. Ne4 h4 48. Rc6+ Kf5 49. Rc8 Kg6 50. Rh8 Kg7 51. Rxh4 Kg6 52. Rg4+ Kf5 53. Kg3 Rb2 54. h4 Ra2 55. h5 Ra6 56. Rg5+ Ke6 57. Rg6+ Kf7 58. Rxa6 Kg7 59. Kg4 Kh7 60. Kg5 Kh8 61.
g4 Kh7 62. f4 Kg8 63. f5 Kh7 64.
h6 Kg8 65. Ra8+ Kh7 66. Nf6# 1-0

[Event "Early-Titled-Tuesday-Blitz-September-05-2023"]
[Site "Chess.com"]
[Date "2023.09.05"]
[Round "1"]
[White "CristianS27"]
[Black "sergiochess83"]
[Result "0-1"]
[WhiteElo "2509"]
[BlackElo "2946"]
[TimeControl "180+1"]
[EndTime "8:07:57 PDT"]
[Termination "sergiochess83 won by checkmate"]

1. e4 c5 2. Nf3 Nc6 3. d4 cxd4 4.
Nxd4 Nf6 5. Nc3 e6 6. a3 Be7 7.
Be2 O-O 8. O-O d6 9. Be3 e5 10. Nf3 h6 11. Bc4 Be6 12. Bb3 Na5 13. Ba2 Nc4 14. Bxc4 Bxc4 15. Re1 Be6 16. Qe2 Qc7 17. Red1 Qc6 18. Nd2 Rfc8 19. h3 a6 20. Qf3 b5 21.
Rac1 a5 22. Nf1 b4 23. Nd5 Bxd5 24. exd5 Qc4 25. axb4 Qxb4 26. Ng3 Nh7 27. Nf5 Bf8 28. Qg3 Kh8 29. b3 Qe4 30. Qg4 Nf6 31. Qxe4 Nxe4 32. c4 h5 33. f3 Nc5 34. Rb1 g6 35. Ng3 f5 36. f4 Bg7 37. Ne2 Ne4 38. fxe5 Bxe5 39.
Rbc1 Kh7 40. Bd4 Bg7 41. Bxg7 Kxg7 42. Nd4 Kf6 43. Ne6 Nc5 44. Nxc5 Rxc5 45. Re1 Ra6 46. Re6+ Kg5 47. g3 Rb6 48. Rc3 a4 49. bxa4 Ra5 50.
h4+ Kh6 51. Rce3 Rxa4 52. Re7 Ra1+ 53. Kg2 Rb2+ 54. Kf3 Rf1# 0-1

[Event "Early-Titled-Tuesday-Blitz-September-05-2023"]
[Site "Chess.com"]
[Date "2023.09.05"]
[Round "1"]
[White "FormerProdigy"]
[Black "WindWhistler11"]
[Result "1-0"]
[WhiteElo "2870"]
[BlackElo "2482"]
[TimeControl "180+1"]
[EndTime "8:07:57 PDT"]
[Termination "FormerProdigy won on time"]

1. d4 Nf6 2. c4 e6 3. Nc3 c5 4. d5 exd5 5. cxd5 Bd6 6. Nf3 O-O 7. g3 Re8 8. Bg2 Bf8 9. O-O d6 10. Nd2 b6 11. a4 Na6 12. Nc4 Nc7 13. Re1 Ba6 14.
b3 g6 15. e4 Bxc4 16. bxc4 Bg7 17. Ra3 Nd7 18. Nb5 Ne5 19. Nxc7 Qxc7 20. Qc2 Re7 21.
h3 Rae8 22. Kh2 f5 23. Rae3 fxe4 24. Rxe4 Nf7 25. f4 Nh6 26. g4 Nf7 27. g5 Qd7 28. Rxe7 Rxe7 29. Rxe7 Qxe7 30. Qe4 Qxe4 31. Bxe4 Nd8 32.
h4 Bc3 33. Kg3 Nb7 34. f5 Kf7 35. Kg4 Na5 36. Bd3 Nb3 37. Bf4 Be5 38. Bxe5 dxe5 39.
fxg6+ hxg6 40. d6 Na5 41. Be4 Ke6 42. Bxg6 Nxc4 43. h5 Nxd6 44. h6 Nf7 45. h7 Nh8 46.
Kh5 c4 47. Kh6 c3 48. Bc2 Kf7 49. Bb3+ Kf8 50. g6 1-0

[Event "Early-Titled-Tuesday-Blitz-September-05-2023"]
[Site "Chess.com"]
[Date "2023.09.05"]
[Round "1"]
[White "GP9isback23"]
[Black "kasun_bole"]
[Result "1/2-1/2"]
[WhiteElo "2666"]
[BlackElo "2385"]
[TimeControl "180+1"]
[EndTime "8:07:58 PDT"]
[Termination "Game drawn by repetition"]

1. Nf3 Nf6 2. d4 e6 3. e3 c5 4.
Be2 Be7 5. O-O O-O 6. a3 b6 7. c4 Bb7 8. Nc3 d5 9. b3 cxd4 10.
Nxd4 Nc6 11. Nf3 dxc4 12. Bxc4 Qxd1 13. Rxd1 Rfd8 14. Bb2 Na5 15. Ne2 Bxf3 16. gxf3 Nxc4 17. bxc4 Rac8 18. Rxd8+ Rxd8 19. Nd4 Rc8 20. Rc1 Nd7 21. Kf1 Bf6 22. Ke2 a6 23. Ba1 Ne5 24. Nb3 Nxc4 25. Bxf6 gxf6 26. a4 Kf8 27. Nd4 Ke7 28. f4 Nd6 29. Rb1 e5 30. fxe5 fxe5 31. Nf3 Nc4 32. h4 f6 33. Rg1 Rc7 34. Rb1 Rc6 35. h5 Na3 36. Rb3 Nc4 37. Ne1 Na5 38. Rb2 Nc4 39. Rb3 Nd6 40. Nd3 b5 41. axb5 Nxb5 42. Nb4 Rd6 43.
Nxa6 Rxa6 44. Rxb5 Ra7 45. Kf3 Ke6 46. e4 Rg7 47.
Rb6+ Kf7 48. Rb7+ Kf8 49. Rb8+ Kf7 50. Rh8 Ke6 51. Re8+ Kf7 52. Rh8 Ke6 53. Re8+ Kf7 54. Rh8 1/2-1/2

[Event "Early-Titled-Tuesday-Blitz-September-05-2023"]
[Site "Chess.com"]
[Date "2023.09.05"]
[Round "1"]
[White "temiksmozg"]
[Black "Daniel_Salinas"]
[Result "1-0"]
[WhiteElo "2635"]
[BlackElo "2321"]
[TimeControl "180+1"]
[EndTime "8:07:58 PDT"]
[Termination "temiksmozg won by checkmate"]

1. d4 Nf6 2. c4 e6 3. Nf3 Bb4+ 4. Bd2 Qe7 5. a3 Bxd2+ 6. Qxd2 d6 7. Nc3 O-O 8. e3 e5 9. dxe5 dxe5 10. Be2 Bg4 11. O-O Bxf3 12. Bxf3 c6 13. Rfd1 e4 14. Be2 Nbd7 15.
Qc2 h5 16. Rd4 Rfe8 17. Rad1 Nf8 18. b4 a5 19. c5 axb4 20. axb4 Ra3 21. Bc4 Ne6 22. Rd6 Ng5 23. h4 Ngh7 24. g3 Qe5 25. Ne2 Rea8 26. Rd8+ Rxd8 27. Rxd8+ Nf8 28. Kg2 Ra1 29. Nf4 Re1 30. Qa2 Qe7 31. Rd6 Ng4 32.
Qd2 Ra1 33. Rd8 Ne5 34. Bb3 Rg1+ 35. Kh3 Rh1+ 36. Kg2 Rg1+ 37. Kxg1 Nf3+ 38. Kg2 Nxd2 39. Rxd2 Qe5 40. Rd8 g6 41. Nxg6 Qc3 42. Rxf8+ Kg7 43. Bxf7 Qxb4 44. Be8 Qxc5 45. Rf4 Qd6 46. Bf7 b5 47.
Rxe4 b4 48. Nf4 c5 49. Bc4 Qb6 50. Ne6+ Kf6 51. Rf4+ Ke5 52. Ng5 b3 53. Nf7# 1-0

[Event "Early-Titled-Tuesday-Blitz-September-05-2023"]
[Site "Chess.com"]
[Date "2023.09.05"]
[Round "1"]
[White "Massakru"]
[Black "Kirill_Klukin"]
[Result "0-1"]
[WhiteElo "2441"]
[BlackElo "2802"]
[TimeControl "180+1"]
[EndTime "8:08:00 PDT"]
[Termination "Kirill_Klukin won on time"]

1. e4 d6 2. d4 f5 3. Bd3 fxe4 4. Bxe4 Nf6 5. Bd3 g6 6. Nf3 Bg7 7. O-O O-O 8. c3 Nc6 9. Re1 Bg4 10. h3 Bxf3 11.
Qxf3 e5 12. Bc4+ Kh8 13. dxe5 Nxe5 14. Qe2 Qd7 15. Be3 Rae8 16. Nd2 Nxc4 17. Qxc4 a6 18. Rad1 Qc6 19. Qxc6 bxc6 20. Bd4 Kg8 21. Bxf6 Bxf6 22.
Rxe8 Rxe8 23. Kf1 Kf7 24. Nf3 Rb8 25. Rd2 c5 26. Ke2 Ke6 27. Kd3 Kd7 28. b3 a5 29.
Re2 Ra8 30. Nd2 a4 31. b4 cxb4 32. cxb4 Kc6 33. a3 Kd7 34. Ne4 Be5 35. g3 Re8 36. f4 Bg7 37. g4 Rf8 38. Rf2 h6 39. f5 gxf5 40. gxf5 Be5 41. Rf3 Bb2 42. Kc2 Be5 43. Nd2 d5 44. Nf1 Kd6 45. Kd3 c5 46. bxc5+ Kxc5 47. Ne3 Rb8 48. Ke2 Rb2+ 49. Kf1 Rb3 50.
Kg2 Rxa3 51. f6 Bxf6 52. Nxd5 Rxf3 0-1

[Event "Early-Titled-Tuesday-Blitz-September-05-2023"]
[Site "Chess.com"]
[Date "2023.09.05"]
[Round "1"]
[White "Arteler"]
[Black "Hamisandwich"]
[Result "1-0"]
[WhiteElo "2382"]
[BlackElo "2651"]
[TimeControl "180+1"]
[EndTime "8:08:01 PDT"]
[Termination "Arteler won by resignation"]

1. e4 e5 2. Nf3 d6 3. d4 exd4 4.
Nxd4 Nf6 5. Nc3 Be7 6. Be2 O-O 7. O-O Nc6 8. Be3 Re8 9. h3 Bf8 10. Nxc6 bxc6 11. Bf3 Nd7 12. Be2 Ne5 13. f4 Nd7 14.
Bf3 Bb7 15. Qd2 c5 16. Rfe1 Nb6 17. b3 g6 18. Rad1 Bg7 19. Bf2 Bc6 20. Qd3 Qc8 21.
a4 a5 22. Nd5 Nxd5 23. exd5 Bd7 24. c4 Qb7 25. Rxe8+ Rxe8 26. Re1 Rb8 27. Bd1 Bf5 28. Qd2 Qb6 29. g4 Bd7 30. Re7 Be8 31. Qe1 Kf8 32. f5 Bf6 33. Re4 Bd7 34. fxg6 hxg6 35. Rf4 Be5 36. Rf3 Re8 37. Qe2 Qb4 38. Kg2 Qa3 39.
Qd3 Qa1 40. Qxg6 Re7 41. Qh7 Bg7 42. Bc2 Qe5 43. Re3 Qf6 44. Rf3 Qe5 45. Bf5 Bxf5 46. Qxf5 Qe4 47. Qc8+ Re8 48. Qxc7 Re7 49. Qd8+ Re8 50.
Qxd6+ Kg8 51. Qc7 Be5 52. Qxf7+ Kh8 53. Qxe8+ 1-0

[Event "Early-Titled-Tuesday-Blitz-September-05-2023"]
[Site "Chess.com"]
[Date "2023.09.05"]
[Round "1"]
[White "pirulillo"]
[Black "Markov_Mikhail"]
[Result "0-1"]
[WhiteElo "2290"]
[BlackElo "2620"]
[TimeControl "180+1"]
[EndTime "8:08:02 PDT"]
[Termination "Markov_Mikhail won by resignation"]

1. e4 c5 2. Nf3 d6 3. d4 cxd4 4.
Nxd4 Nf6 5. Nc3 a6 6. Be2 e5 7. Nb3 Be7 8. Be3 Be6 9. Nd5 Nxd5 10. exd5 Bf5 11. Qd2 Nd7 12. Na5 Qc7 13. c4 O-O 14.
O-O Rae8 15. b4 b6 16. Nc6 Bf6 17. a4 Nb8 18. Nxb8 Rxb8 19. a5 bxa5 20. Rxa5 Qb7 21.
c5 Qxb4 22. Qxb4 Rxb4 23. c6 Be4 24. Rc1 Bf5 25. Rxa6 Bc8 26. Ra8 e4 27. c7 Bd4 28.
h3 f5 29. Rb8 Ra4 30. Bb5 Bxe3 31. fxe3 Ra7 32. Kh2 Kf7 33. Bc6 Ke7 34. Bb5 g5 35. g4 f4 36. exf4 gxf4 37. Re1 e3 38. Kg2 Rxc7 39.
Kf3 Bxg4+ 40. hxg4 Rxb8 41. Bc6 Rb4 42. Rh1 Kf6 43. Rh6+ Kg7 44. Rxd6 Re7 45. Rd7 Kf6 46. d6 Rxd7 47. Bxd7 Ke5 48. Bf5 Kxd6 49. Bd3 Ke5 50. g5 Rb2 51. Bxh7 Rf2+ 52. Kg4 e2 53. g6 e1=Q 0-1

[Event "Early-Titled-Tuesday-Blitz-September-05-2023"]
[Site "Chess.com"]
[Date "2023.09.05"]
[Round "1"]
[White "OlaaLa"]
[Black "vovachesss"]
[Result "0-1"]
[WhiteElo "2433"]
[BlackElo "2787"]
[TimeControl "180+1"]
[EndTime "8:08:03 PDT"]
[Termination "vovachesss won by resignation"]

1. c4 b6 2. e4 Bb7 3. Nc3 Nf6 4. d3 e5 5. g3 Nc6 6. Bg2 Bc5 7. Nge2 O-O 8. O-O Re8 9. h3 Nd4 10. Be3 Nxe2+ 11.
Qxe2 d6 12. a3 a5 13. Rab1 a4 14. g4 Nd7 15. Qc2 Bc6 16. Ne2 Bxe3 17. fxe3 Qg5 18. Rf3 Nf8 19. Ng3 Ng6 20. Nf5 Nh4 21. Nxh4 Qxh4 22.
Rbf1 Re7 23. Qe2 Rf8 24. Rf5 g6 25. Rf6 Bd7 26. d4 Be6 27. d5 Bd7 28. Qf3 Kg7 29. Rf2 Be8 30. Bf1 Rh8 31. Be2 h5 32. Qg2 hxg4 33.
Bxg4 Bd7 34. Bxd7 Rxd7 35. R6f3 Rh5 36. Rg3 Qe7 37. Qf3 Rh4 38. Rfg2 Rd8 39. Kf2 Rdh8 40. Ke2 Qf6 41. Qxf6+ Kxf6 42. Kd3 Kg7 43. Rh2 R8h6 44. Rf3 g5 45. Rhf2 f6 46. Kc3 Rxh3 47. Kb4 g4 48. Rf5 Rxe3 49. Kxa4 Rg6 50. Rg2 Rxe4 51. b3 Rf4 52.
Rh5 f5 53. Kb5 g3 54. Rh3 Rf3 55. Kb4 f4 56. a4 Rf2 57. Kb5 Rxg2 0-1

[Event "Early-Titled-Tuesday-Blitz-September-05-2023"]
[Site "Chess.com"]
[Date "2023.09.05"]
[Round "1"]
[White "DKmirl"]
[Black "Thecourseoisildur"]
[Result "1-0"]
[WhiteElo "2267"]
[BlackElo "2583"]
[TimeControl "180+1"]
[EndTime "8:08:03 PDT"]
[Termination "DKmirl won by checkmate"]

1. d4 Nf6 2. Nf3 c5 3. g3 cxd4 4. Nxd4 e5 5. Nf3 d5 6. Bg2 Nc6 7. O-O Bg4 8. c3 Bc5 9. b4 Bb6 10. b5 Bxf3 11. Bxf3 Ne7 12. Bg5 e4 13. Bg2 Qd7 14.
Bxf6 gxf6 15. c4 dxc4 16. Qxd7+ Kxd7 17. Bxe4 Rac8 18. Nc3 Kc7 19. e3 Kb8 20. a4 f5 21.
Bf3 Ba5 22. Rac1 Rhd8 23. Rc2 Rd3 24. Rfc1 Rxc3 25. Rxc3 Bxc3 26. Rxc3 Ng6 27. Bd5 Ne5 28. f4 Ng4 29. Rxc4 Rd8 30. Bxf7 Rd1+ 31. Kg2 Nxe3+ 32. Kh3 Nxc4 33. Bxc4 Rd4 34. Be6 Rxa4 35. Bxf5 Rb4 36. Bxh7 Rxb5 37. g4 a5 38. g5 a4 39. g6 Rb1 40. f5 a3 41. g7 Rg1 42. g8=Q+ Rxg8 43. Bxg8 Kc7 44. Kg4 Kd6 45. Kg5 Ke7 46. Ba2 b5 47. Kg6 Kf8 48. h4 b4 49. h5 Ke7 50. h6 Kd6 51. h7 Kc5 52. h8=Q Kb5 53.
Qe5+ Ka4 54. Qe8+ Ka5 55. Qa8+ Kb5 56. Qb7+ Kc5 57. Qe7+ Kb5 58. Qe2+ Ka5 59. Qc2 Kb5 60. Qc4+ Ka5 61. f6 Ka4 62. Qb3+ Kb5 63. f7 Kc5 64.
f8=Q+ Kd4 65. Qfxb4+ Ke5 66. Qe6# 1-0

[Event "Early-Titled-Tuesday-Blitz-September-05-2023"]
[Site "Chess.com"]
[Date "2023.09.05"]
[Round "1"]
[White "TERMINATOR_PC"]
[Black "Rud_Makarian"]
[Result "0-1"]
[WhiteElo "2510"]
[BlackElo "2948"]
[TimeControl "180+1"]
[EndTime "8:08:04 PDT"]
[Termination "Rud_Makarian won by resignation"]

1. e4 c5 2. Nf3 d6 3. d4 cxd4 4. Nxd4 Nf6 5. Nc3 Nc6 6. Bg5 Bd7 7. Bxf6 gxf6 8. Qd2 Nxd4 9. Qxd4 Qa5 10. O-O-O Rc8 11.
a3 h5 12. h4 Bh6+ 13. Kb1 Qc5 14. g3 Qxd4 15. Rxd4 Bg7 16. Rb4 Bc6 17. Bb5 Kd7 18. Rd1 e6 19. Rbd4 Bf8 20. Be2 a6 21. Bf3 Kc7 22. R4d3 Be7 23. Ne2 b5 24. Nd4 Bd7 25. Ne2 Kb6 26. Nf4 Rc5 27. b4 Re5 28. Rd4 f5 29. Nd3 Rxe4 30. Bxe4 fxe4 31. Rxe4 Bc6 32. Re3 e5 33. Nb2 f5 34. c4 e4 35. Re2 Rd8 36. Red2 Kc7 37. Rd5 Bxd5 38. Rxd5 Rf8 39. cxb5 axb5 40.
Rxb5 Kc6 41. Ra5 d5 42. Na4 f4 43. Ra6+ Kd7 44. Nb6+ Kc6 45. Na4+ Kb5 46. Ra5+ Kc4 47. Nb6+ Kd3 48. Rxd5+ Ke2 49. Re5 Kxf2 50. gxf4 Bxh4 51. Rxe4 Bg3 52. Nc4 h4 53. Ne5 h3 54. b5 h2 55.
Ng4+ Kf3 56. Nxh2+ Kxe4 57. Ng4 Bxf4 58. a4 Kd4 59.
Kb2 Kc4 60. Nf2 Be5+ 0-1

[Event "Early-Titled-Tuesday-Blitz-September-05-2023"]
[Site "Chess.com"]
[Date "2023.09.05"]
[Round "1"]
[White "EvgenyBurmakin"]
[Black "jsdbv18"]
[Result "1/2-1/2"]
[WhiteElo "2295"]
[BlackElo "2597"]
[TimeControl "180+1"]
[EndTime "8:08:04 PDT"]
[Termination "Game drawn - insufficient material"]

1. e4 e5 2. Nf3 Nc6 3. Bb5 a6 4. Ba4 Nf6 5. O-O Nxe4 6. d4 b5 7. Bb3 d5 8. dxe5 Be6 9. c3 Be7 10. Nbd2 O-O 11. Bc2 f5 12. exf6 Nxf6 13. Re1 Bg4 14.
h3 Bh5 15. a4 b4 16. a5 bxc3 17. bxc3 Bc5 18. Qe2 Re8 19. Qf1 Rxe1 20. Qxe1 Qd6 21.
Qf1 Re8 22. Qxa6 Ne4 23. Nxe4 dxe4 24. Ne1 Rf8 25. Be3 Bxe3 26. fxe3 Qh6 27. Bb3+ Kh8 28. Nc2 Qf6 29. Rf1 Qxf1+ 30. Qxf1 Rxf1+ 31. Kxf1 Nxa5 32. Bd5 Bg6 33. Nd4 h5 34. Kf2 Kh7 35. Kg3 Kh6 36. Kf4 h4 37. Bxe4 Nc4 38. Bxg6 Kxg6 39. e4 Kf6 40.
Kg4 g5 41. Nf3 Ne3+ 42. Kh5 Nxg2 43. Nxg5 Nf4+ 44. Kxh4 Ng6+ 45. Kg4 Ne5+ 46. Kf4 Ng6+ 47. Kg3 Kxg5 48. Kf3 c5 49. Ke3 Kh4 50. e5 Nxe5 51. Ke4 Nd7 52. Kd5 c4 53. Kxc4 Kxh3 54. Kd5 Kg4 55. c4 Nb6+ 56. Kd6 Nxc4+ 1/2-1/2

[Event "Early-Titled-Tuesday-Blitz-September-05-2023"]
[Site "Chess.com"]
[Date "2023.09.05"]
[Round "1"]
[White "lexisvar"]
[Black "VitaliyBernadskiy"]
[Result "0-1"]
[WhiteElo "2440"]
[BlackElo "2824"]
[TimeControl "180+1"]
[EndTime "8:08:05 PDT"]
[Termination "VitaliyBernadskiy won by checkmate"]

1. e4 c5 2. Nf3 e6 3. d4 cxd4 4. Nxd4 Nc6 5. Nc3 d6 6. f4 Be7 7.
Nxc6 bxc6 8. Bd3 Nf6 9. O-O O-O 10. Qf3 a5 11. Kh1 Nd7 12. e5 dxe5 13. Qxc6 Rb8 14.
f5 Nf6 15. fxe6 Bxe6 16. Ne4 Bd5 17. Nxf6+ Bxf6 18. Qc5 e4 19. Be2 Rc8 20. Qb5 Rxc2 21. Be3 Rxb2 22. Qa6 Qa8 23. Rxf6 Qxa6 24. Rxa6 Rxe2 25.
Rxa5 Bxa2 26. Bc5 Rd8 27. R5xa2 Rxa2 28. Rxa2 Rd1+ 29. Bg1 f5 30. Re2 Kf7 31. g3 Ke6 32. Kg2 g5 33. Be3 h6 34. h4 gxh4 35. gxh4 Ke5 36.
Kg3 Rd3 37. Kf2 f4 38. Bb6 Kf5 39. Rb2 Kg4 40. Rb4 e3+ 41. Ke1 Rc3 42. Bxe3 Rxe3+ 43. Kf2 Rh3 44. Rb8 Rh2+ 45. Kg1 Rxh4 46. Rg8+ Kf3 47.
Rb8 Rh5 48. Rb3+ Kg4 49. Rb8 Ra5 50. Rg8+ Kf3 51. Rb8 Ra1+ 52. Kh2 Re1 53. Rb6 h5 54. Rh6 Re5 55. Ra6 Kf2 56. Ra2+ Re2 57. Ra5 f3 58. Kh3 Kf1 59. Kg3 f2 60. Rf5 Ke1 61. Rxh5 f1=Q 62.
Kg4 Rg2+ 63. Kh4 Qh1# 0-1

[Event "Early-Titled-Tuesday-Blitz-September-05-2023"]
[Site "Chess.com"]
[Date "2023.09.05"]
[Round "1"]
[White "ViIIagra"]
[Black "Tactictic"]
[Result "1-0"]
[WhiteElo "2954"]
[BlackElo "2513"]
[TimeControl "180+1"]
[EndTime "8:08:07 PDT"]
[Termination "ViIIagra won by checkmate"]

1. d4 f5 2. g3 Nf6 3. Bg2 d5 4. Nh3 e6 5. c4 Bd6 6. Nc3 c6 7. Bf4 Be7 8. a3 O-O 9. Qd3 Nh5 10. Bd2 Nd7 11. Nf4 Nxf4 12. gxf4 Bf6 13. h4 c5 14.
cxd5 cxd4 15. Na4 e5 16. Qxf5 Nb6 17. Qc2 Nxd5 18. fxe5 Bxe5 19. Qe4 Nf4 20. Bxf4 Bxf4 21. Qd5+ Kh8 22. Qxd8 Rxd8 23. Nc5 Rb8 24. Bh3 b6 25.
Nd3 Bb7 26. Rg1 Bh6 27. Kf1 Re8 28. Rd1 Ba6 29. Bg4 Re4 30. h5 Rf8 31. Bf3 Re7 32. Rg4 Rd7 33. Kg2 Rf5 34. Re4 Kg8 35. Bg4 Bb7 36.
Bxf5 Rf7 37. f3 Rxf5 38. Rxd4 Bc6 39. Nf2 Rxh5 40. Rc4 Bd5 41. Rc8+ Kf7 42. Ng4 Bf4 43. Rh1 Rg5 44. Rxh7 Rxg4+ 45. Kf2 Rg6 46. e3 Be5 47. Rhh8 Rf6 48. Rce8 Rxf3+ 49. Ke2 Bf6 50. e4 Rb3 51. exd5 Bxb2 52. Rhf8+ Kg6 53. d6 Bxa3 54. d7 Bxf8 55. d8=Q Bc5 56. Qd5 Rb2+ 57. Kd1 Rb1+ 58. Kc2 Rg1 59.
Re6+ Kh7 60. Qh5+ Kg8 61. Re8+ Bf8 62. Qd5+ Kh7 63. Rxf8 a5 64. Qh5# 1-0

[Event "Early-Titled-Tuesday-Blitz-September-05-2023"]
[Site "Chess.com"]
[Date "2023.09.05"]
[Round "1"]
[White "Langua_Chess"]
[Black "seopie"]
[Result "1-0"]
[WhiteElo "2483"]
[BlackElo "2824"]
[TimeControl "180+1"]
[EndTime "8:08:09 PDT"]
[Termination "Langua_Chess won by resignation"]

1. d4 Nf6 2. c4 e6 3. Nc3 Bb4 4. f3 d5 5. a3 Bd6 6. e4 c5 7. cxd5 cxd4 8. Qxd4 exd5 9. e5 Qe7 10.
f4 Nc6 11. Bb5 O-O 12. Bxc6 bxc6 13. Nge2 Bc5 14. exf6 gxf6 15. Qd3 a5 16. Kd2 Ba6 17. Qh3 Rfe8 18. Qf3 Be3+ 19. Kc2 d4 20. Bxe3 dxc3 21. Nxc3 Qxe3 22. Qxe3 Rxe3 23. Rhe1 Rae8 24. Rxe3 Rxe3 25.
Rd1 Bc4 26. Rd4 Be6 27. Rd2 h5 28. Re2 Bf5+ 29. Kb3 Rd3 30. Kc4 Kg7 31. Kc5 Bg4 32. Rf2 Bd7 33. Ne4 Rd5+ 34. Kb6 h4 35. Nc5 Bf5 36.
b4 axb4 37. axb4 Rd4 38. Rb2 Rxf4 39. Kxc6 h3 40. gxh3 Bxh3 41. b5 Bg4 42. b6 Bf3+ 43. Kc7 Rc4 44. Kd6 Rd4+ 45. Kc7 Rc4 46. Kd6 Rd4+ 47.
Ke7 f5 48. b7 Bxb7 49. Nxb7 f4 50. Nd6 Kg6 51. Rg2+ Kh5 52. Nxf7 f3 53. Rf2 Re4+ 54. Kf6 Rf4+ 55. Ke6 Re4+ 56. Ne5 Re2 57. Rxf3 Rxh2 58. Rf5+ Kh4 59. Nf3+ Kg3 60. Nxh2 1-0

[Event "Early-Titled-Tuesday-Blitz-September-05-2023"]
[Site "Chess.com"]
[Date "2023.09.05"]
[Round "1"]
[White "Angry_Twin"]
[Black "whiteglovethief"]
[Result "1-0"]
[WhiteElo "2948"]
[BlackElo "2511"]
[TimeControl "180+1"]
[EndTime "8:08:11 PDT"]
[Termination "Angry_Twin won on time"]

1. e4 e6 2. d4 d5 3. Nd2 c5 4.
exd5 exd5 5. Ngf3 Nc6 6. Bb5 Bd6 7. dxc5 Bxc5 8. O-O Ne7 9. Nb3 Bd6 10. Nbd4 O-O 11.
c3 Bg4 12. h3 Nxd4 13. cxd4 Bh5 14. Bd3 h6 15. Be3 Rc8 16. Re1 Bb8 17. Bd2 a6 18.
Qe2 Nc6 19. Qe3 Bxf3 20. Qxf3 Qd6 21. g3 Nxd4 22. Qg4 Ba7 23. Bf4 Qf6 24. Kh1 Rfe8 25. Rxe8+ Rxe8 26. Be3 Nc2 27. Bxc2 Bxe3 28. fxe3 Qxb2 29.
Qd1 Rxe3 30. Rb1 Qe5 31. Qg4 Re1+ 32. Rxe1 Qxe1+ 33. Kg2 Qd2+ 34. Kf1 Qxc2 35. Qd7 Qb1+ 36. Ke2 Qxa2+ 37. Kf3 Qb3+ 38. Kg4 Qc4+ 39. Kh5 Qe4 40.
g4 Kh7 41. Qxf7 d4 42. Kh4 d3 43. Qd7 Qe1+ 44. Kh5 Qe5+ 45. Kh4 Qg5+ 46. Kg3 Qe3+ 47.
Kh4 Qe4 48. Kh5 1-0

[Event "Early-Titled-Tuesday-Blitz-September-05-2023"]
[Site "Chess.com"]
[Date "2023.09.05"]
[Round "1"]
[White "platy3"]
[Black "whitemirrorninja"]
[Result "1-0"]
[WhiteElo "2917"]
[BlackElo "2494"]
[TimeControl "180+1"]
[EndTime "8:08:13 PDT"]
[Termination "platy3 won on time"]

1. c4 g6 2. Nc3 Bg7 3. Nf3 e5 4. g3 Ne7 5. Bg2 O-O 6. O-O d5 7.
cxd5 Nxd5 8. d3 Nb6 9. Bg5 f6 10.
Be3 Nc6 11. Qb3+ Kh8 12. Rfd1 Nd4 13. Bxd4 exd4 14. Nb5 f5 15. a4 c6 16. Na3 Qe7 17. Rac1 Be6 18. Qc2 a5 19. Nd2 Bd5 20. Ndc4 Nxc4 21.
Nxc4 Bxg2 22. Kxg2 f4 23. f3 Rae8 24. Re1 fxg3 25.
hxg3 Rf5 26. Nd2 Bh6 27. Ne4 Bxc1 28. Rxc1 Re5 29. Qc4 Qd8 30. b4 axb4 31. Qxb4 Qa5 32.
Qxb7 Rxe4 33. dxe4 Qd2 34. Rf1 Qxe2+ 35. Rf2 Qc4 36. a5 Qb5 37. Qxb5 cxb5 38. Rb2 d3 39. Kf2 Rd8 40. Ke3 Kg7 41. Kd2 Kf6 42. Rxb5 h5 43.
a6 g5 44. a7 Ra8 45. Ra5 h4 46. gxh4 gxh4 47. Kxd3 h3 48. Ke3 h2 49. Rh5 Rxa7 50.
Rxh2 Ra3+ 51. Kf4 Ra4 52. Rh6+ Kg7 53. Rb6 Ra3 54. Kg4 Rc3 55. e5 Rc1 56. f4 Rg1+ 57.
Kf5 Rf1 58. Rb7+ Kh6 59. e6 Re1 60. Kf6 Re4 61. f5 Re1 62. Kf7 Kg5 63. f6 Rh1 64. e7 Rh7+ 65. Ke6 Rh8 66. f7 Rh6+ 67. Kd7 1-0

[Event "Early-Titled-Tuesday-Blitz-September-05-2023"]
[Site "Chess.com"]
[Date "2023.09.05"]
[Round "1"]
[White "Bugcrusher"]
[Black "Sadykov_Ramil"]
[Result "1-0"]
[WhiteElo "2300"]
[BlackElo "2596"]
[TimeControl "180+1"]
[EndTime "8:08:14 PDT"]
[Termination "Bugcrusher won on time"]

1. d4 Nf6 2. c4 e6 3. Nf3 Bb4+ 4. Nbd2 d5 5. Qa4+ Nc6 6. a3 Bxd2+ 7. Bxd2 Ne4 8. Bf4 O-O 9. e3 Bd7 10. Qc2 f5 11. h4 Rc8 12. Be2 h6 13. h5 Be8 14.
b4 a5 15. b5 Nb8 16. a4 c5 17.
Bxb8 Rxb8 18. cxd5 Qxd5 19. Bc4 Qd6 20. dxc5 Nxc5 21. Rd1 Qe7 22. Ne5 Rc8 23. Qa2 Kh7 24.
Rd4 Qf6 25. f4 Rd8 26. Rxd8 Qxd8 27. Bxe6 Nd3+ 28. Nxd3 Qxd3 29. Kf2 Rf6 30. Bc4 Qc3 31. Qb3 Qd2+ 32. Be2 Bf7 33. Qd3 Qa2 34. g4 Qxa4 35. g5 Rb6 36. g6+ Bxg6 37. hxg6+ Rxg6 38. Qxf5 Qa2 39.
Rg1 Qe6 40. Qxg6+ Qxg6 41. Rxg6 Kxg6 42. b6 a4 43. Bc4 Kf5 44. Kf3 g5 45. e4+ Kf6 46.
e5+ Kf5 47. Bd3+ Ke6 48. Ke4 a3 49. Bc4+ Ke7 50. f5 h5 51. f6+ Kd7 52. Kf5 g4 53. e6+ Kd6 54. e7 Kc6 55. e8=Q+ Kc5 56. Qb5+ Kd4 57. Qb3 g3 58. Qxa3 h4 59. Qf3 1-0

[Event "Early-Titled-Tuesday-Blitz-September-05-2023"]
[Site "Chess.com"]
[Date "2023.09.05"]
[Round "1"]
[White "AndreiITrifan"]
[Black "IsuruAlahakoon"]
[Result "1-0"]
[WhiteElo "2606"]
[BlackElo "2272"]
[TimeControl "180+1"]
[EndTime "8:08:14 PDT"]
[Termination "AndreiITrifan won on time"]

1. e4 d5 2. exd5 Qxd5 3. Nc3 Qa5 4. Nf3 Nf6 5. Bc4 Bg4 6. h3 Bh5 7. g4 Bg6 8. d3 Nc6 9. Bd2 O-O-O 10. Nd5 Qc5 11.
Be3 Qd6 12. Nxf6 gxf6 13. Qe2 Qb4+ 14. c3 Qd6 15. O-O-O Na5 16. Nh4 e6 17. Qf3 Nxc4 18. dxc4 Bd3 19. Bxa7 Bh6+ 20. Be3 Bg5 21. Ng2 Qa6 22.
Bxg5 Qxc4 23. Bxf6 Be4 24. Qf4 Qe2 25. Ne3 Bxh1 26. Bxd8 Rxd8 27. Rxh1 Rd2 28. Rd1 Qxf2 29. Qxf2 Rxf2 30. Rf1 Re2 31. Nc4 Rh2 32. Rxf7 Rxh3 33. Kc2 Rh4 34. Ne5 b6 35. Rf8+ Kb7 36. Re8 Rh2+ 37. Kb3 Re2 38. Rxe6 Re4 39. Re7 Re2 40. g5 Rg2 41. Rg7 Re2 42. Nf7 Rh2 43. Nh6 Rg2 44. Nf7 Rh2 45. Nd8+ Ka6 46. Ne6 c5 47. a4 Rh3 48.
Nc7+ Kb7 49. Nb5+ Kc6 50. Nc7 Rh2 51. Ne8 Rh3 52. Nf6 Rg3 53. Nxh7 Kd5 54. Nf6+ Kc6 55.
Ng8 b5 56. axb5+ Kxb5 57. g6 c4+ 58. Kc2 Rg2+ 59. Kb1 Ka4 60. Ka2 Kb5 61. Rb7+ Kc6 62. Rb4 Rxg6 63. Ne7+ 1-0